| TOP OF THE 1ST |
|
Philadelphia Phillies batting - Pitching for Miami Marlins : RHP Julio Espinel
|
|
Pitching: RHP Julio Espinel
|
|
|
Batting: RHB Ji-an Li
|
0-0: Ball 1-0: Ball 2-0: Foul Ball, location: 2F 2-1: Ball 3-1: Swinging Strike 3-2: Base on Balls
|
|
Batting: LHB Jeff Luvisi
|
0-0: Ball 1-0: Called Strike 1-1: Ball 2-1: Swinging Strike 2-2: Foul Ball, location: 2F 2-2: Strikes out swinging
|
|
Batting: LHB Nick Canizales
|
0-0: Ball Ji-an Li steals 2nd base 1-0: Called Strike 1-1: Ground out 5-3 (Groundball, 5, EV 79.4 MPH)
|
|
Batting: LHB Alberto Figueroa
|
0-0: Called Strike 0-1: Ball 1-1: Ground out 4-3 (Groundball, 13, EV 89.4 MPH)
|
| Top of the 1st over - 0 runs, 0 hits, 0 errors, 1 left on base; Philadelphia 0 - Miami 0 |
| BOTTOM OF THE 1ST |
|
Miami Marlins batting - Pitching for Philadelphia Phillies : RHP Scott Bernstein
|
|
Pitching: RHP Scott Bernstein
|
|
|
Batting: RHB Jeff Garofalo
|
0-0: Called Strike 0-1: Ball 1-1: Ball 2-1: Ball 3-1: Base on Balls
|
|
Batting: RHB Justin Huff
|
0-0: Foul Ball, location: 2F 0-1: Ball 1-1: Ball 2-1: Ball 3-1: Called Strike 3-2: Base on Balls Jeff Garofalo to second
|
|
Batting: RHB Jimmy Groseclose
|
0-0: Grounds into double play, 5-4-3 (Groundball, 56, EV 101.3 MPH) Jeff Garofalo to third
|
|
Batting: RHB Seth Tramontano
|
0-0: Foul Ball, location: 2F 0-1: Ball 1-1: Called Strike 1-2: SINGLE (Groundball, 6M, EV 104.4 MPH) (infield hit) Jeff Garofalo scores
|
|
Batting: RHB Josh Crenwelge
|
0-0: Ball 1-0: DOUBLE (Line Drive, 89M, EV 94.4 MPH) Seth Tramontano to third Runner from 3rd tries for Home, SAFE, throw by RF to home
|
|
Batting: RHB Tommy Hughes
|
0-0: Ground out 4-3 (Groundball, 4S, EV 76.9 MPH)
|
| Bottom of the 1st over - 2 runs, 2 hits, 0 errors, 1 left on base; Philadelphia 0 - Miami 2 |
| TOP OF THE 2ND |
|
Philadelphia Phillies batting - Pitching for Miami Marlins : RHP Julio Espinel
|
|
Batting: LHB Rich Sullivan
|
0-0: Ball 1-0: Ball 2-0: Ball 3-0: Called Strike 3-1: Fly out, F8 (Line Drive, 8LD, EV 98.1 MPH)
|
|
Pitching: RHP Jonah Syndergaard
|
|
|
Batting: RHB Raul de la Cruz
|
0-0: Ball 1-0: Ball 2-0: Called Strike 2-1: Ball 3-1: Base on Balls
|
|
Batting: SHB Rafael Vazquez
|
0-0: Ball Raul de la Cruz steals 2nd base 1-0: Called Strike 1-1: Foul Ball, location: 2F 1-2: Foul Ball, location: 2F 1-2: Strikes out swinging
|
|
Batting: RHB Luis Arce
|
0-0: Called Strike 0-1: Ground out 4-3 (Groundball, 4, EV 88.8 MPH)
|
| Top of the 2nd over - 0 runs, 0 hits, 0 errors, 1 left on base; Philadelphia 0 - Miami 2 |
| BOTTOM OF THE 2ND |
|
Miami Marlins batting - Pitching for Philadelphia Phillies : RHP Scott Bernstein
|
|
Batting: LHB Juan Solorzano
|
0-0: Ball 1-0: Ground out 6-3 (Groundball, 6M, EV 81.9 MPH)
|
|
Batting: LHB Luis Aguilar
|
0-0: SINGLE (Groundball, 6MD, EV 98.1 MPH)
|
|
Batting: RHB Eric Jordan
|
0-0: Swinging Strike 0-1: Called Strike Luis Aguilar steals 2nd base 0-2: Strikes out looking
|
|
Batting: RHB Jeff Garofalo
|
0-0: Called Strike 0-1: Ball 1-1: Ground out 4-3 (Groundball, 4, EV 83.1 MPH)
|
| Bottom of the 2nd over - 0 runs, 1 hit, 0 errors, 1 left on base; Philadelphia 0 - Miami 2 |
| TOP OF THE 3RD |
|
Philadelphia Phillies batting - Pitching for Miami Marlins : RHP Jonah Syndergaard
|
|
Batting: RHB Mitch Boyd
|
0-0: Foul Ball, location: 2F 0-1: Called Strike 0-2: Foul Ball, location: 2F 0-2: Ball 1-2: Ball 2-2: Ball 3-2: Strikes out swinging
|
|
Batting: RHB Ji-an Li
|
0-0: Ball 1-0: Ground out 6-3 (Groundball, 6, EV 89.4 MPH)
|
|
Batting: LHB Jeff Luvisi
|
0-0: Called Strike 0-1: Foul Ball, location: 2F 0-2: Fly out, F9 (Flyball, 89D, EV 92.5 MPH)
|
| Top of the 3rd over - 0 runs, 0 hits, 0 errors, 0 left on base; Philadelphia 0 - Miami 2 |
| BOTTOM OF THE 3RD |
|
Miami Marlins batting - Pitching for Philadelphia Phillies : RHP Scott Bernstein
|
|
Batting: RHB Justin Huff
|
0-0: Called Strike 0-1: Ball 1-1: Fly out, F9 (Flyball, 89S, EV 86.3 MPH)
|
|
Batting: RHB Jimmy Groseclose
|
0-0: Called Strike 0-1: Swinging Strike 0-2: Ball 1-2: Strikes out swinging
|
|
Batting: RHB Seth Tramontano
|
0-0: Ball 1-0: Ball 2-0: Ball 3-0: Called Strike 3-1: Base on Balls
|
|
Batting: RHB Josh Crenwelge
|
0-0: Called Strike 0-1: Called Strike 0-2: Ball 1-2: Foul Ball, location: 2F 1-2: Strikes out swinging
|
| Bottom of the 3rd over - 0 runs, 0 hits, 0 errors, 1 left on base; Philadelphia 0 - Miami 2 |
| TOP OF THE 4TH |
|
Philadelphia Phillies batting - Pitching for Miami Marlins : RHP Jonah Syndergaard
|
|
Batting: LHB Nick Canizales
|
0-0: Ground out U3 (Groundball, 34, EV 108.1 MPH)
|
|
Batting: LHB Alberto Figueroa
|
0-0: Ball 1-0: Called Strike 1-1: Swinging Strike 1-2: Strikes out swinging, 2-3 out at first.
|
|
Batting: LHB Rich Sullivan
|
0-0: Fly out, F8 (Flyball, 8RM, EV 88.8 MPH)
|
| Top of the 4th over - 0 runs, 0 hits, 0 errors, 0 left on base; Philadelphia 0 - Miami 2 |
| BOTTOM OF THE 4TH |
|
Miami Marlins batting - Pitching for Philadelphia Phillies : RHP Scott Bernstein
|
|
Batting: RHB Tommy Hughes
|
0-0: Ball 1-0: Ball 2-0: Foul Ball, location: 2F 2-1: Ground out 6-3 (Groundball, 6S, EV 86.3 MPH)
|
|
Batting: LHB Juan Solorzano
|
0-0: Ground out 4-3 (Groundball, 4S, EV 91.9 MPH)
|
|
Batting: LHB Luis Aguilar
|
0-0: Called Strike 0-1: Ball 1-1: Ground out 4-3 (Groundball, 4, EV 103.8 MPH)
|
| Bottom of the 4th over - 0 runs, 0 hits, 0 errors, 0 left on base; Philadelphia 0 - Miami 2 |
| TOP OF THE 5TH |
|
Philadelphia Phillies batting - Pitching for Miami Marlins : RHP Jonah Syndergaard
|
|
Batting: RHB Raul de la Cruz
|
0-0: Ball 1-0: Ball 2-0: Swinging Strike 2-1: Ground out 6-3 (Groundball, 6M, EV 82.5 MPH)
|
|
Batting: SHB Rafael Vazquez
|
0-0: Ball 1-0: Ball 2-0: Ball 3-0: Called Strike 3-1: SINGLE (Groundball, 6MD, EV 100.0 MPH)
|
|
Batting: RHB Luis Arce
|
0-0: Grounds into double play, 5-4-3 (Groundball, 56, EV 91.3 MPH)
|
| Top of the 5th over - 0 runs, 1 hit, 0 errors, 0 left on base; Philadelphia 0 - Miami 2 |
| BOTTOM OF THE 5TH |
|
Miami Marlins batting - Pitching for Philadelphia Phillies : RHP Scott Bernstein
|
|
Batting: RHB Eric Jordan
|
0-0: Swinging Strike 0-1: Foul Ball, location: 2F 0-2: Strikes out swinging
|
|
Batting: RHB Jeff Garofalo
|
0-0: Foul Ball, location: 2F 0-1: Ball 1-1: Ball 2-1: Ball 3-1: Called Strike 3-2: Foul Ball, location: 2F 3-2: Base on Balls
|
|
Batting: RHB Justin Huff
|
0-0: Ball 1-0: Ball 2-0: Ball 3-0: Called Strike 3-1: Foul Ball, location: 2F 3-2: Grounds into double play, 4-6-3 (Groundball, 4M, EV 110.0 MPH)
|
| Bottom of the 5th over - 0 runs, 0 hits, 0 errors, 0 left on base; Philadelphia 0 - Miami 2 |
| TOP OF THE 6TH |
|
Philadelphia Phillies batting - Pitching for Miami Marlins : RHP Jonah Syndergaard
|
|
Batting: RHB Mitch Boyd
|
0-0: Called Strike 0-1: Ball 1-1: Foul Ball, location: 2F 1-2: Ball 2-2: Fly out, F9 (Flyball, 89S, EV 88.1 MPH)
|
|
Batting: RHB Ji-an Li
|
0-0: Swinging Strike 0-1: Ball 1-1: Called Strike 1-2: Ball 2-2: Foul Ball, location: 2F 2-2: Foul Ball, location: 2F 2-2: Strikes out swinging
|
|
Batting: LHB Jeff Luvisi
|
0-0: Called Strike 0-1: Ground out 6-3 (Groundball, 56, EV 90.6 MPH)
|
| Top of the 6th over - 0 runs, 0 hits, 0 errors, 0 left on base; Philadelphia 0 - Miami 2 |
| BOTTOM OF THE 6TH |
|
Miami Marlins batting - Pitching for Philadelphia Phillies : RHP Scott Bernstein
|
|
Batting: RHB Jimmy Groseclose
|
0-0: Ground out 6-3 (Groundball, 56, EV 86.9 MPH)
|
|
Batting: RHB Seth Tramontano
|
0-0: Fly out, F9 (Flyball, 89M, EV 86.9 MPH)
|
|
Batting: RHB Josh Crenwelge
|
0-0: SINGLE (Line Drive, 78S, EV 93.1 MPH)
|
|
Batting: RHB Tommy Hughes
|
0-0: SINGLE (Groundball, 6MS, EV 81.9 MPH) (infield hit) Josh Crenwelge to second
|
|
Batting: LHB Juan Solorzano
|
0-0: Ball 1-0: Called Strike 1-1: Ball 2-1: Ball 3-1: Base on Balls Josh Crenwelge to third Tommy Hughes to second
|
|
Batting: LHB Luis Aguilar
|
0-0: Ball 1-0: Ball 2-0: Foul Ball, location: 2F 2-1: Ball 3-1: Ground out 4-3 (Groundball, 4, EV 79.4 MPH)
|
| Bottom of the 6th over - 0 runs, 2 hits, 0 errors, 3 left on base; Philadelphia 0 - Miami 2 |
| TOP OF THE 7TH |
|
Philadelphia Phillies batting - Pitching for Miami Marlins : RHP Jonah Syndergaard
|
|
Batting: LHB Nick Canizales
|
0-0: Ball 1-0: Called Strike 1-1: Foul Ball, location: 2F 1-2: Ball 2-2: SINGLE (Groundball, 34D, EV 100.6 MPH)
|
|
Batting: LHB Alberto Figueroa
|
0-0: Foul Ball, location: 2F 0-1: Ball 1-1: Called Strike 1-2: SINGLE (Groundball, 4D, EV 105.0 MPH) Nick Canizales to second Runner from 2nd tries for 3rd, SAFE, throw by CF made to third
|
|
Batting: LHB Rich Sullivan
|
0-0: Ball 1-0: Ball 2-0: Fly out, F8 (Flyball, 89M, EV 83.1 MPH)
|
|
Batting: RHB Raul de la Cruz
|
0-0: Ball Wild Pitch! Nick Canizales scores Alberto Figueroa to second 1-0: Called Strike 1-1: Ball 2-1: Called Strike 2-2: Ground out 4-3 (Groundball, 4, EV 83.1 MPH) Alberto Figueroa to third
|
|
Batting: SHB Rafael Vazquez
|
0-0: Ball 1-0: Ball 2-0: Ball 3-0: Called Strike 3-1: Swinging Strike 3-2: Base on Balls
|
|
Batting: RHB Luis Arce
|
Balk! Alberto Figueroa scores Rafael Vazquez to second 0-0: Called Strike 0-1: Foul Ball, location: 2F 0-2: Ball 1-2: Fly out, F7 (Flyball, 7, EV 80.0 MPH)
|
| Top of the 7th over - 2 runs, 2 hits, 0 errors, 1 left on base; Philadelphia 2 - Miami 2 |
| BOTTOM OF THE 7TH |
|
Miami Marlins batting - Pitching for Philadelphia Phillies : RHP Scott Bernstein
|
|
Batting: RHB Eric Jordan
|
0-0: Ground out 5-3 (Groundball, 5L, EV 85.0 MPH)
|
|
Batting: RHB Jeff Garofalo
|
0-0: Called Strike 0-1: Ball 1-1: SINGLE (Flyball, 3D, EV 97.5 MPH)
|
|
Batting: RHB Justin Huff
|
0-0: Ball 1-0: Called Strike 1-1: Called Strike 1-2: Strikes out swinging
|
|
Batting: RHB Jimmy Groseclose
|
0-0: Ball Jeff Garofalo is caught stealing 2nd base 2-4
|
| Bottom of the 7th over - 0 runs, 1 hit, 0 errors, 0 left on base; Philadelphia 2 - Miami 2 |
| TOP OF THE 8TH |
|
Philadelphia Phillies batting - Pitching for Miami Marlins : RHP Jonah Syndergaard
|
|
Batting: RHB Mitch Boyd
|
0-0: Called Strike 0-1: Swinging Strike 0-2: Ball 1-2: Ball 2-2: Ground out 6-3 (Groundball, 6, EV 81.9 MPH)
|
|
Batting: RHB Ji-an Li
|
0-0: Called Strike 0-1: Ball 1-1: Foul Ball, location: 2F 1-2: Ball 2-2: Ground out 5-3 (Groundball, 56, EV 101.9 MPH)
|
|
Batting: LHB Jeff Luvisi
|
0-0: Fly out, F7 (Line Drive, 7, EV 96.9 MPH)
|
| Top of the 8th over - 0 runs, 0 hits, 0 errors, 0 left on base; Philadelphia 2 - Miami 2 |
| BOTTOM OF THE 8TH |
|
Miami Marlins batting - Pitching for Philadelphia Phillies : RHP Scott Bernstein
|
|
Batting: RHB Jimmy Groseclose
|
0-0: Ball 1-0: Ball 2-0: Ball 3-0: Base on Balls
|
|
Batting: RHB Seth Tramontano
|
0-0: SINGLE (Groundball, 4MD, EV 102.5 MPH) Jimmy Groseclose to second
|
|
Batting: RHB Josh Crenwelge
|
0-0: SINGLE (Groundball, 56D, EV 106.9 MPH) Jimmy Groseclose to third Seth Tramontano to second
|
|
Batting: RHB Tommy Hughes
|
0-0: Ball 1-0: Grounds into fielders choice 1-2 (Groundball, 13, EV 73.1 MPH) Seth Tramontano to third Josh Crenwelge to second
|
|
Pitching: LHP Luis Concepcion
|
|
|
Batting: LHB Juan Solorzano
|
0-0: Ball 1-0: Swinging Strike 1-1: Called Strike 1-2: Foul Ball, location: 2F 1-2: Strikes out looking
|
|
Pinch Hitting: RHB Micah Christopher
|
0-0: Called Strike 0-1: Ball 1-1: Foul Ball, location: 2F 1-2: Strikes out swinging
|
| Bottom of the 8th over - 0 runs, 2 hits, 0 errors, 3 left on base; Philadelphia 2 - Miami 2 |
| TOP OF THE 9TH |
|
Philadelphia Phillies batting - Pitching for Miami Marlins : RHP Jonah Syndergaard
|
|
Pitching: LHP Paul Cantrell
|
|
|
Now in CF: Andre Gorter
|
|
|
Batting: LHB Nick Canizales
|
0-0: Swinging Strike 0-1: Swinging Strike 0-2: Ball 1-2: Strikes out swinging
|
|
Batting: LHB Alberto Figueroa
|
0-0: Ground out 5-3 (Groundball, 56, EV 98.8 MPH)
|
|
Pinch Hitting: RHB Chef Belew
|
0-0: Foul Ball, location: 2F 0-1: Fly out, F9 (Line Drive, 9, EV 87.5 MPH)
|
| Top of the 9th over - 0 runs, 0 hits, 0 errors, 0 left on base; Philadelphia 2 - Miami 2 |
| BOTTOM OF THE 9TH |
|
Miami Marlins batting - Pitching for Philadelphia Phillies : LHP Luis Concepcion
|
|
Now in CF: Ryan Trombley
|
|
|
Now in RF: Jeff Luvisi
|
|
|
Batting: RHB Eric Jordan
|
0-0: Swinging Strike 0-1: Swinging Strike 0-2: Strikes out swinging
|
|
Batting: RHB Jeff Garofalo
|
0-0: Foul Ball, location: 2F 0-1: Ball 1-1: Ball 2-1: Foul Ball, location: 2F 2-2: Ball 3-2: Base on Balls
|
|
Batting: RHB Justin Huff
|
0-0: Called Strike Jeff Garofalo steals 2nd base 0-1: Foul Ball, location: 2F 0-2: Ball 1-2: Foul Ball, location: 2F 1-2: Ball 2-2: Ball 3-2: SINGLE (Groundball, 56D, EV 86.3 MPH) (infield hit) Jeff Garofalo to third
|
|
Batting: RHB Jimmy Groseclose
|
0-0: Ball 1-0: Ball 2-0: Swinging Strike 2-1: Foul Ball, location: 2F 2-2: Ball 3-2: Base on Balls Justin Huff to second
|
|
Batting: RHB Seth Tramontano
|
0-0: SINGLE (Groundball, 4MD, EV 94.4 MPH) Jeff Garofalo scores
|
| Bottom of the 9th over - 1 run, 2 hits, 0 errors, 0 left on base; Philadelphia 2 - Miami 3 |
| |
|
Game Over ... Miami defeats Philadelphia, 3 to 2
|
|
|